 Dungeon Sprint DCSS version 0.25-b1-37-g2669288c55 (webtiles) character file.

Game seed: 11598070744366918262

10243 Groucho the Protected (level 11, -15/85 HPs)
             Began as a Halfling Wanderer on June 5, 2020.
             Was the Champion of Qazlal.
             Demolished by Hesar the pandemonium lord (17 damage)
             ... in the Dungeon (Sprint V: "Ziggurat Sprint").
             The game lasted 00:08:16 (1391 turns).

Groucho the Protected (Halfling Wanderer)           Turns: 1391, Time: 00:08:16

Health: -15/85     AC: 34    Str: 25    XL:     11   Next: 89%
Magic:  0/21       EV: 10    Int: 12    God:    Qazlal [******]
Gold:   0          SH: 40    Dex: 16    Spells: 10/10 levels left

rFire    . . .     SeeInvis .   k - +6 shillelagh "Devastator" {shatter}
rCold    . . .     Gourm    .   c - +18 shield of the Gong {rElec rN+ MR+ EV-5}
rNeg     + . .     Faith    .   b - +15 Maxwell's patent armour {-Cast -Tele rElec MR+ rCorr}
rPois    .         Spirit   .   (no helmet)
rElec    +         Reflect  .   (no cloak)
rCorr    +         Harm     .   (no gloves)
MR       ++...     NoTele   +   (no boots) Stlth ..........NoCast +
                                J - amulet of the acrobat
HPRegen  0.24/turn              q - +6 ring of strength
MPRegen  0.17/turn              r - +6 ring of strength

@: protected from physical damage, berserk cooldown, slowed, repel missiles,
very slow
A: small, mutation resistance 1
a: Upheaval, Elemental Force, Disaster Area, Renounce Religion


You were in the Dungeon.
You worshipped Qazlal.
Qazlal was exalted by your worship.
You were full.

You visited 1 branch

Inventory:

Hand Weapons
 k - the +6 shillelagh "Devastator" (weapon) {shatter}
   (You found it in the Dungeon)
 H - a +5 vorpal fustibalus
Missiles
 I - 1000 sling bullets
Armour
 a - +5 gold dragon scales
 b - the +15 Maxwell's patent armour (worn) {-Cast -Tele rElec MR+ rCorr}
   (You found it in the Dungeon)

   It insulates you from electricity.
   It affects your resistance to hostile enchantments.
   It prevents spellcasting.
   It prevents most forms of teleportation.
   It provides partial protection from all sources of acid and corrosion.
 c - the +18 shield of the Gong (worn) {rElec rN+ MR+ EV-5}
   (You found it in the Dungeon)

   It affects your evasion (-5).
   It insulates you from electricity.
   It protects you from negative energy.
   It affects your resistance to hostile enchantments.
Jewellery
 l - an uncursed ring of flight
 m - a +6 ring of dexterity
 n - a +6 ring of dexterity
 o - a +6 ring of intelligence
 p - a +6 ring of intelligence
 q - a +6 ring of strength (left hand)
 r - a +6 ring of strength (right hand)
 J - an amulet of the acrobat (around neck)
Wands
 s - a wand of disintegration (7)
 t - a wand of iceblast (6)
 u - a wand of acid (7)
Scrolls
 j - 4 scrolls of blinking
 y - 4 scrolls of amnesia
 C - 7 scrolls of fog
 D - a scroll of holy word
 E - 5 scrolls of identify
 F - 5 scrolls of remove curse
 G - 2 scrolls of fear
Potions
 e - 10 potions of curing
 f - 11 potions of heal wounds
 g - 10 potions of haste
 h - 7 potions of magic
 i - 2 potions of berserk rage
 v - 2 potions of brilliance
 w - 2 potions of invisibility
 x - 4 potions of resistance
 z - a potion of experience
 A - 5 potions of stabbing
 B - 5 potions of might
Comestibles
 d - 5 rations


   Skills:
 * Level 12.0 Fighting
   Level 3.0 Axes
 + Level 12.6 Slings
 * Level 13.6 Armour
 + Level 10.1 Dodging
 * Level 13.5 Shields
 * Level 13.5 Invocations
 - Level 2.0 Evocations


You had 10 spell levels left.
You didn't know any spells.
Your spell library contained the following spells:

 Spells                   Type           Power        Failure   Level  Hunger
 Apportation              Tloc           #.....       99%         1    ##.....
 Foxfire                  Conj/Fire      #...         99%         1    ##.....
 Infusion                 Chrm           #...         99%         1    ##.....
 Summon Butterflies       Summ           #.......     99%         1    ##.....
 Sublimation of Blood     Necr           #.........   100%        2    ###....
 Conjure Flame            Conj/Fire      #.......     100%        3    ####...
 Gell's Gravitas          Tloc           #.........   100%        3    ####...
 Ignite Poison            Fire/Tmut/Pois #.......     100%        3    ####...
 Lesser Beckoning         Tloc           #.........   100%        3    ####...
 Portal Projectile        Hex/Tloc       #.....       100%        3    ####...
 Recall                   Summ/Tloc      N/A          100%        3    ####...
 Teleport Other           Tloc           #.......     100%        3    ####...
 Tukima's Dance           Hex            #.......     100%        3    ####...
 Vampiric Draining        Necr           #.........   100%        3    ####...
 Olgreb's Toxic Radiance  Pois           #.......     100%        4    #####..
 Petrify                  Tmut/Erth      #.......     100%        4    #####..
 Alistair's Intoxication  Tmut/Pois      #.......     100%        5    ######.
 Borgnjor's Vile Clutch   Necr/Erth      #.........   100%        5    ######.
 Fireball                 Conj/Fire      #.........   100%        5    ######.
 Irradiate                Conj/Tmut      #.........   100%        5    ######.
 Dispersal                Tloc           #.........   100%        6    #######
 Eringya's Noxious Bog    Tmut/Pois      #.........   100%        6    #######
 Invisibility             Hex            #.......     100%        6    #######
 Malign Gateway           Summ/Tloc      #.........   100%        7    #######
 Ring of Flames           Chrm/Fire      #.........   100%        7    #######
 Controlled Blink         Tloc           N/A          100%        8    #######
 Disjunction              Tloc           #.........   100%        8    #######


Dungeon Overview and Level Annotations

Branches:
Dungeon (1/1)

Altars:
Ashenzari
Cheibriados
Dithmenos
Elyvilon
Fedhas
Gozag
Hepliaklqana
Kikubaaqudgha
Makhleb
Nemelex Xobeh
Okawaru
Qazlal
Ru
Sif Muna
Trog
Uskayaw
Vehumet
Wu Jian
Xom
Yredelemnul
Zin
The Shining One
Beogh
Jiyva
Lugonu

Annotations:
D 1 transporter


Innate Abilities, Weirdness & Mutations

You are small and have problems with some larger weapons.
You are somewhat resistant to further mutation.


Message History

Hesar is lightly wounded.
Hesar hits you.
You feel more protected from physical attacks.
Hesar hits you!
* * * LOW HITPOINT WARNING * * *
You hit Hesar but do no damage.
Hesar is lightly wounded.
Hesar closely misses you.
You hit Hesar but do no damage.
Hesar is lightly wounded.
Hesar hits you!!
* * * LOW HITPOINT WARNING * * *
You feel more protected from physical attacks.
You feel your power leaking away.
You hit Hesar but do no damage.
Hesar is lightly wounded.
You are no longer berserk.
You are exhausted.
You feel yourself slow down. Hesar hits you!
You die...

▓▓▓▓▓▓▓▓▓▓▓▓▓▓▓▓▓▓▓
▓...8©8...▓
▓..)[)))..▓
▓...)[|[..▓
▓.........▓
▓.........▓
▓.....○...▓
▓....&.○..▓
▓.▓☼.@..▓.▓
▓...°©....▓
▓▓▓▓▓▓▓▓▓▓▓


You could see Hesar.

Vanquished Creatures
  2 yellow draconians (D)
  A red draconian (D)
  A deep elf annihilator (D)
  A purple draconian (D)
  A spriggan druid (D)
  A deep elf mage (D)
  4 draconians (D)
  A smoke demon (D)
  An eye of devastation (D)
  An ice devil (D)
  4 merfolk (D)
  A fire elemental (D)
  A neqoxec (D)
  A golden eye (D)
  2 chaos spawn (D)
  A floating eye (D)
  2 hell hounds (D)
  A phantom (D)
  5 black bears (D)
  A necrophage (D)
  An earth elemental (D)
  3 wights (D)
  3 jellies (D)
  3 shadow imps (D)
  A white imp (D)
  An ufetubus (D)
  An ooze (D)
  An adder zombie (D)
  2 bat skeletons (D)
  A bat zombie (D)
  A giant cockroach zombie (D)
  A leopard gecko zombie (D)
  A fire vortex (D)
53 creatures vanquished.

Notes
Turn   | Place    | Note
-------+----------+-------------------------------------------
     0 | D        | Groucho the Halfling Wanderer began the quest for the Orb.
     0 | D        | Groucho set off with the following items: a +2 hand axe, 2
                  | scrolls of teleportation, a +0 robe, a ration, a potion of
                  | curing, a potion of heal wounds, a potion of haste, 2
                  | potions of magic, a potion of berserk rage, a scroll of
                  | blinking
     0 | D        | Reached XP level 1. HP: 15/15 MP: 2/2
    12 | D        | Found a blossoming altar of Fedhas.
    13 | D        | Found the +6 Majin-Bo {vamp, Archmagi MP+6 Int+6}
    13 | D        | Found the +7 great mace "Firestarter" {inner flame, rF++}
    13 | D        | Found a viscous altar of Jiyva.
    13 | D        | Found a transporter.
    13 | D        | Found a hazy altar of Hepliaklqana.
    13 | D        | Found an ancient bone altar of Kikubaaqudgha.
    13 | D        | Found an opulent altar of Gozag.
    13 | D        | Found a corrupted altar of Lugonu.
    18 | D        | Found a burning altar of Makhleb.
    19 | D        | Found an iron altar of Okawaru.
    19 | D        | Found a stormy altar of Qazlal.
    19 | D        | Found a sparkling altar of Nemelex Xobeh.
    19 | D        | Found a sacrificial altar of Ru.
    19 | D        | Found a shimmering blue altar of Sif Muna.
    25 | D        | Found the +9 heavy crossbow "Sniper" {vorpal, Acc+∞ SInv}
    25 | D        | Found the +10 dark maul {vorpal}
    25 | D        | Found the +15 Maxwell's patent armour {-Cast -Tele rElec
                  | MR+ rCorr}
    25 | D        | Found the +18 shield of the Gong {rElec rN+ MR+ EV-5}
    25 | D        | Found the cursed +14 obsidian axe {vorpal, +Fly SInv
                  | *Curse}
    27 | D        | Found the +6 shillelagh "Devastator" {shatter}
    27 | D        | Found the +11 plutonium sword {*Contam Stlth-}
    27 | D        | Found the +8 lance "Wyrmbane" {slay drac, rPois rF+ rC+
                  | AC+3}
    27 | D        | Found the +9 sword of Zonguldrok {reap}
    27 | D        | Found the cursed +13 scythe of Curses {drain, *Curse}
    27 | D        | Found the +0 sword of Power
    27 | D        | Found the +7 mace of Variability {chain chaos}
    27 | D        | Found the +7 Singing Sword {vorpal, sonic wave}
    27 | D        | Found the +8 storm bow {elec, penet}
    30 | D        | Found a bloodstained altar of Trog.
    85 | D        | Became a worshipper of Qazlal Stormbringer
    98 | D        | Entered arena 2.
    98 | D        | Found a transporter.
   100 | D        | Reached skill level 1 in Slings
   100 | D        | Reached skill level 1 in Shields
   100 | D        | Reached skill level 1 in Invocations
   100 | D        | Reached XP level 2. HP: 21/21 MP: 3/3
   213 | D        | Entered arena 3.
   213 | D        | Noticed a deep elf annihilator
   213 | D        | Noticed an earth elemental
   213 | D        | Noticed a deep elf mage
   213 | D        | Found a transporter.
   215 | D        | Noticed an earth elemental
   216 | D        | Killed a deep elf mage
   216 | D        | Reached * piety under Qazlal
   216 | D        | Reached XP level 3. HP: 31/31 MP: 3/7
   216 | D        | Reached XP level 4. HP: 36/36 MP: 3/9
   216 | D        | Reached XP level 5. HP: 42/42 MP: 3/10
   216 | D        | Reached XP level 6. HP: 47/47 MP: 3/11
   216 | D        | Reached XP level 7. HP: 53/53 MP: 3/12
   221 | D        | Reached skill level 5 in Dodging
   223 | D        | Killed a deep elf annihilator
   223 | D        | Reached XP level 8. HP: 61/61 MP: 4/14
   394 | D        | Entered arena 4.
   394 | D        | Noticed a merfolk
   394 | D        | Noticed a merfolk
   394 | D        | Noticed a merfolk
   394 | D        | Noticed a merfolk
   394 | D        | Found a transporter.
   398 | D        | Killed a merfolk
   398 | D        | Reached ** piety under Qazlal
   398 | D        | Reached XP level 9. HP: 66/67 MP: 14/16
   403 | D        | Killed a merfolk
   405 | D        | Killed a merfolk
   405 | D        | Reached skill level 10 in Armour
   408 | D        | Killed a merfolk
   408 | D        | Reached skill level 10 in Shields
   408 | D        | Reached skill level 10 in Invocations
   475 | D        | Entered arena 5.
   475 | D        | Found a transporter.
   479 | D        | Reached *** piety under Qazlal
   495 | D        | Entered arena 6.
   495 | D        | Found a transporter.
   496 | D        | Reached **** piety under Qazlal
   704 | D        | Entered arena 7.
   704 | D        | Noticed a spriggan druid
   705 | D        | Reached XP level 10. HP: 74/74 MP: 12/18
   705 | D        | Reached ***** piety under Qazlal
   705 | D        | Reached skill level 10 in Slings
   706 | D        | Killed a spriggan druid
   707 | D        | Reached skill level 10 in Fighting
   792 | D        | Found a transporter.
   800 | D        | Got the Reference Book on Dislocation
   809 | D        | Entered arena 8.
   814 | D        | Found a transporter.
   823 | D        | Got the Volume of Heat and Black Rites
   960 | D        | Entered arena 9.
   960 | D        | Noticed an eye of devastation
   961 | D        | Paralysed by a floating eye for 2 turns
   963 | D        | Reached ****** piety under Qazlal
   964 | D        | Killed an eye of devastation
   965 | D        | Found a transporter.
  1096 | D        | Entered arena 10.
  1096 | D        | Noticed a yellow draconian
  1096 | D        | Noticed a red draconian
  1096 | D        | Noticed a draconian
  1096 | D        | Noticed a purple draconian
  1096 | D        | Noticed a yellow draconian
  1096 | D        | Noticed a draconian
  1096 | D        | Noticed a draconian
  1096 | D        | Noticed a draconian
  1100 | D        | Killed a draconian
  1101 | D        | Found a transporter.
  1104 | D        | Killed a draconian
  1108 | D        | Killed a draconian
  1108 | D        | Reached XP level 11. HP: 43/82 MP: 4/20
  1108 | D        | Killed a purple draconian
  1110 | D        | Killed a draconian
  1118 | D        | Killed a red draconian
  1128 | D        | Killed a yellow draconian
  1132 | D        | Killed a yellow draconian
  1361 | D        | Got the Volume of Enhancements and Intoxication
  1365 | D        | Entered arena 11.
  1365 | D        | Noticed Hesar the pandemonium lord
  1366 | D        | Found the +3 pair of gauntlets of War {Slay+5}
  1366 | D        | Found the +8 glaive of the Guard {elec, +Rage AC+5 SInv}
  1366 | D        | Found a transporter.
  1367 | D        | Reached skill level 10 in Dodging
  1390 | D        | HP: 3/127 [Hesar the pandemonium lord (19)]
  1391 | D        | Demolished by Hesar the pandemonium lord

Illustrated notes

Levels and vault maps discovered:
D:        sprint_v [room_start, room_1, room_2, room_3, room_4, room_5, room_6,
          room_7, room_8, room_9, room_10, room_11, room_12, room_13, room_14,
          room_15, room_16, room_17, room_18, room_19, room_20, room_21,
          room_22, room_23, room_24, room_25, room_26, room_27]

Skill      XL: |  1  2  3  4  5  6  7  8  9 10 11 |
---------------+----------------------------------+-----
Fighting       | 3 6 8 9 10 12 | 12.0
Slings         | 1 6 8 9 11 12 | 12.6
Armour         | 2 6 9 10 12 13 | 13.6
Shields        | 1 6 9 10 12 13 | 13.5
Invocations    | 1 6 9 10 12 13 | 13.5
Dodging        | 4 6 7 8 10 | 10.1
Axes           | |  3.0
Evocations     | |  2.0

Action                   |  1- 3 |  4- 6 |  7- 9 | 10-12 || total
-------------------------+-------+-------+-------+-------++-------
Melee: Shillelagh        |     4 |       |    27 |    48 ||    79
Invok: Upheaval          |       |       |     3 |    13 ||    16
       Disaster Area     |       |       |       |     1 ||     1
Evoke: Wand              |       |       |     1 |       ||     1
  Use: Scroll            |       |       |     1 |       ||     1
       Potion            |       |       |       |     4 ||     4
  Eat: Ration            |       |       |       |     2 ||     2
Armor: Plate armour      |     1 |       |    12 |    22 ||    35
Dodge: Dodged            |       |       |     3 |    10 ||    13
       Repelled          |       |       |       |     4 ||     4
Block: Kite shield       |     2 |       |    42 |    86 ||   130
